 Dungeon Crawl Stone Soup version 0.22.0 (webtiles) character file.

144 Peloso the Shield-Bearer (level 5, -4/47 HPs)
             Began as a Minotaur Fighter on Aug 11, 2018.
             Killed by divine providence
             ... invoked by an orc priest
              (15 damage)
             ... on level 3 of the Dungeon.
             The game lasted 00:03:52 (1667 turns).

Peloso the Shield-Bearer (Minotaur Fighter)         Turns: 1667, Time: 00:03:53

Health: -4/47      AC:  8    Str: 21    XL:     5   Next: 5%
Magic:  4/4        EV:  8    Int:  5    God:
Gold:   127        SH:  9    Dex: 10    Spells: 4/4 levels left

rFire    . . .     SeeInvis .   a - +0 long sword
rCold    . . .     Gourm    .   c - +0 shield
rNeg     + . .     Faith    .   b - +0 scale mail
rPois    +         Spirit   .   (helmet restricted)
rElec    .         Reflect  .   n - +0 cloak {rPois}
rCorr    .         Harm     .   (no gloves)
MR       +....                  (no boots)
Stlth    ..........             (no amulet)
HPRegen  0.15/turn              m - ring of positive energy
MPRegen  0.09/turn              r - ring of protection from magic

@: no status effects
A: retaliatory headbutt, horns 2
a: no special abilities


You were on level 3 of the Dungeon.
You were hungry.

You visited 1 branch of the dungeon, and saw 3 of its levels.

You collected 127 gold pieces.

Inventory:

Hand Weapons
 a - a +0 long sword (weapon)
Armour
 b - a +0 scale mail (worn)
 c - a +0 shield (worn)
 n - a +0 cloak of poison resistance (worn)
Jewellery
 m - a ring of positive energy (left hand)
 r - a ring of protection from magic (right hand)
Scrolls
 e - a scroll of enchant armour {unknown}
 h - a scroll of magic mapping {unknown}
 p - a scroll of fear {unknown}
Potions
 d - a potion of might
 g - 3 potions of invisibility
 j - a potion of curing
 k - a potion of ambrosia
 l - a potion of berserk rage
 o - 2 potions of haste
 q - 2 potions of cancellation
 s - a potion of agility {unknown}
Comestibles
 f - 4 rations


   Skills:
 + Level 4.4 Fighting
 + Level 4.0 Long Blades
 + Level 4.4 Armour
 + Level 1.0 Dodging
 + Level 0.1 Stealth
 + Level 4.7 Shields


You had 4 spell levels left.
You didn't know any spells.
Your spell library was empty.

Dungeon Overview and Level Annotations

Branches:
Dungeon (3/15)

Altars:
Elyvilon
Zin
The Shining One


Innate Abilities, Weirdness & Mutations

You reflexively headbutt those who attack you in melee.
You have a pair of horns on your head.


Message History

Unknown command.
You hit the orc but do no damage. You headbutt the orc, but do no damage.
The orc is heavily wounded.
The orc hits you but does no damage.
An orc comes into view.
The orc hits you with a dagger.
* * * LOW HITPOINT WARNING * * *
Unknown command.
You barely miss the orc.
The orc is heavily wounded.
The orc shouts!
You block the orc's attack.
You hit the orc but do no damage.
The orc is heavily wounded.
The orc hits you but does no damage.
You slash the orc!
You kill the orc!
The orc priest mumbles some strange prayers to Beogh against you.
Beogh smites you!
You die...

##########
###########.#
.........#
#oo)@)..o...#
########.#
#(#########..
####.####.#
##....##..o#
####........#o###
.............o.)#.#
......######......#
##.......#
#.##.#....
#...†##.# #.# o#
###


You could see an orc priest and 2 orcs.

Vanquished Creatures
  An orc wizard (D:3)
  4 adders
  3 worms (D:2)
  5 dart slugs
  3 leopard geckos
  7 orcs (D:3)
  A ball python (D:1)
  A giant cockroach (D:1)
  6 goblins
  2 jackals (D:2)
  12 bats
  2 frilled lizards
  6 kobolds
  6 rats
59 creatures vanquished.

Notes
Turn   | Place    | Note
-------+----------+-------------------------------------------
     0 | D:1      | Peloso the Minotaur Fighter began the quest for the Orb.
     0 | D:1      | Reached XP level 1. HP: 19/19 MP: 0/0
   119 | D:1      | Reached XP level 2. HP: 24/27 MP: 1/1
   961 | D:2      | Reached XP level 3. HP: 33/33 MP: 2/2
  1232 | D:2      | Reached XP level 4. HP: 39/40 MP: 3/3
  1434 | D:2      | Found a glowing silver altar of Zin.
  1434 | D:2      | Found a glowing golden altar of the Shining One.
  1435 | D:2      | Found a white marble altar of Elyvilon.
  1606 | D:3      | Reached skill level 1 in Dodging
  1655 | D:3      | Reached XP level 5. HP: 29/47 MP: 4/4
  1667 | D:3      | Killed from afar by an orc priest

Skill      XL: |  1  2  3  4 |
---------------+-------------+-----
Fighting       | 4 |  4.4
Shields        | 4 |  4.7
Armour         | 4 |  4.4
Long Blades    | 3 4 |  4.0
Dodging        | 1 |  1.0
Stealth        | |  0.1

Action                   |  1- 3 |  4- 6 || total
-------------------------+-------+-------++-------
Melee: Long sword        |    84 |    54 ||   138
       Headbutt          |    13 |    11 ||    24
  Use: Scroll            |       |     7 ||     7
       Potion            |       |     1 ||     1
  Eat: Chunk             |     1 |     1 ||     2
Armor: Scale mail        |    42 |    26 ||    68
Dodge: Dodged            |    26 |    28 ||    54
Block: Shield            |    61 |    34 ||    95
       Rpst.: Long sword |     7 |     3 ||    10
